 Dungeon Crawl Stone Soup version 0.29-a0-275-g389c0b56f3 (webtiles) character file.

Game seed: 18387211677195312474

10763 Crownlay the Thaumaturge (level 11, 0/54 HPs)
             Began as a Gargoyle Earth Elementalist on Mar 12, 2022.
             Was a Follower of Vehumet.
             Slain by a seven-headed hydra (8 damage)
             ... on level 8 of the Dungeon.
             The game lasted 00:29:30 (12351 turns).

Crownlay the Thaumaturge (GrEE)                    Turns: 12351, Time: 00:29:31

Health: 0/54       AC: 11    Str: 12    XL:     11   Next: 67%
Magic:  24/27      EV: 11    Int: 20    God:    Vehumet [*.....]
Gold:   310        SH:  0    Dex: 10    Spells: 29/35 levels left

rFire   . . .      SeeInvis .   y - +4 morningstar (protect)
rCold   . . .      Faith    .   (no shield)
rNeg    + . .      Spirit   .   b - +0 robe
rPois   ∞          Reflect  .   f - +0 helmet
rElec   +          Harm     .   (no cloak)
rCorr   .          Rampage  .   (no gloves)
Will    .....                   (no boots)
Stlth   ++........              (no amulet)
HPRegen 0.18/turn               (no ring)
MPRegen 0.20/turn               (no ring)

@: no status effects
A: sickness immunity, AC +8, negative energy resistance 1, electricity
resistance, torment resistance 1, petrification resistance
a: Renounce Religion


You were on level 8 of the Dungeon.
You worshipped Vehumet.
Vehumet was aware of your devotion.
You visited 2 branches of the dungeon, and saw 9 of its levels.
You also visited: Sewer, Ossuary and Bailey.

You collected 354 gold pieces.
You spent 44 gold pieces at shops.

Inventory:

Hand Weapons
 n - a +3 halberd
 y - a +4 morningstar of protection (weapon)
Missiles
 a - 27 stones
 x - a throwing net
Armour
 b - a +0 robe (worn)
 f - a +0 helmet (worn)
 i - +0 fire dragon scales
Magical Staves
 A - a staff of cold
 F - a staff of conjuration
Jewellery
 D - a ring of flight
Wands
 E - a wand of polymorph (11)
 G - a wand of paralysis (7)
Scrolls
 g - 7 scrolls of teleportation
 j - 5 scrolls of fear
 l - a scroll of noise
 q - 5 scrolls of fog
 s - a scroll of amnesia
 u - 2 scrolls of enchant armour
 I - a scroll of blinking
Potions
 c - 2 potions of magic
 d - 3 potions of brilliance {unknown}
 e - 2 potions of attraction {unknown}
 h - a potion of lignification {unknown}
 k - 4 potions of heal wounds {unknown}
 m - 6 potions of curing
 o - 4 potions of cancellation
 p - 2 potions of mutation {unknown}
 r - a potion of flight {unknown}
 t - 2 potions of degeneration {unknown}
 v - 3 potions of haste {unknown}
 w - 2 potions of might {unknown}
 z - a potion of resistance {unknown}
 B - a potion of invisibility {unknown}


   Skills:
 - Level 1.5 Dodging
 - Level 2.1 Stealth
 * Level 12.8 Spellcasting
 + Level 7.3 Conjurations
 + Level 3.8 Summonings
 - Level 0.7 Transmutations
 - Level 11.0 Earth Magic


You had 29 spell levels left.
You knew the following spells:

 Your Spells              Type           Power      Damage    Failure   Level
a - Sandblast             Erth           100%       2d20      1%          1
b - Passwall              Tmut/Erth      30%        N/A       1%          2
c - Stone Arrow           Conj/Erth      98%        3d13      1%          3

Your spell library contained the following spells:

 Spells                   Type           Power      Damage    Failure   Level
 Magic Dart               Conj           100%       1d8       1%          1
 Petrify                  Tmut/Erth      36%        N/A       4%          4
 Animate Skeleton         Necr           24%        N/A       5%          1
 Pain                     Necr           48%        1d6       5%          1
 Vampiric Draining        Necr           12%        2d6       16%         3
 Olgreb's Toxic Radiance  Pois           12%        N/A       45%         4
 Malign Gateway           Summ/Tloc      10%        N/A       100%        7
 Ozocubu's Refrigeration  Ice            6%         4d6       100%        7
 Ignition                 Fire           6%         3d4       100%        8
 Summon Horrible Things   Summ           14%        N/A       100%        8


Dungeon Overview and Level Annotations

Branches:
Dungeon (8/15)             Temple (1/1) D:7           Sewer (visited)
Ossuary (visited)          Bailey (visited)
   Lair: D:8-11

Altars:
Ashenzari
Cheibriados
Dithmenos
Elyvilon
Fedhas
Gozag
Hepliaklqana
Kikubaaqudgha
Makhleb
Nemelex Xobeh
Okawaru
Qazlal
Trog
Uskayaw
Vehumet
Wu Jian
Xom
Yredelemnul
Zin
The Shining One

Shops:
D:4 *?!*=

Annotations:
D:3 2 runed translucent doors, kae's ghost, amateur DrTm
D:5 3 runed translucent doors, Flogoulo's ghost, novice OpEE


Innate Abilities, Weirdness & Mutations

You are immune to sickness and miasma.
Your stone body is resilient. (AC +8)
You are immune to poison.
You resist negative energy. (rN+)
You are resistant to electric shocks. (rElec)
You are resistant to unholy torment.
You are immune to petrification.


Message History

Vehumet accepts your kill.
You hear a splash. x2
Things that are here:
a +0 giant club; a +0 giant club
Found a dyed leather armour.
You see here a +0 leather armour of fire resistance.
Found a robe.
Found a fuming silvery potion.
Found a stone staircase leading down.
v - 3 fuming silvery potions (gained 1)
There is an open door here.
A seven-headed hydra comes into view.
The seven-headed hydra roars!
Press: ? - help, v - describe, . - travel
Here: a seven-headed hydra The floor.
Unknown command.
The blast of sand hits the seven-headed hydra!!
The seven-headed hydra is moderately wounded.
The seven-headed hydra bites you! The seven-headed hydra bites you.
The seven-headed hydra barely misses you.
The seven-headed hydra bites you. x2
The seven-headed hydra bites you but does no damage. x2
The blast of sand misses the seven-headed hydra.
The seven-headed hydra bites you. The seven-headed hydra bites you! x2
* * * LOW HITPOINT WARNING * * *
The seven-headed hydra closely misses you.
The seven-headed hydra bites you but does no damage.
The seven-headed hydra barely misses you. x2
You are too injured to fight recklessly!
You are too injured to fight recklessly!
Casting: Sandblast (safe; 1% risk of failure)
Confirm with . or Enter, or press ? or * to list all spells.
Aiming: Sandblast (safe; 1% risk of failure)
Press: ? - help, Shift-Dir - straight line, f/p - seven-headed hydra
Aim: a seven-headed hydra (moderately wounded, 94% to hit)
The blast of sand hits the seven-headed hydra!!
The seven-headed hydra is severely wounded.
The seven-headed hydra bites you!
You die...

####### #.....##
#....## #.....#
######## #@....#
#......### #D###..#
#......#.. #.###...#
#......#..
####..#.###......#..
.................'..
####..#####......#..
#.###...............
#.###....######.#..
.# #.....#.# ##.###


You could see a seven-headed hydra.

Vanquished Creatures
  4 two-headed ogres
  Amaemon (D:8)
  An ugly thing (D:8)
  A cyclops (D:8)
  An orange demon (D:8)
  A cane toad (shapeshifter) (D:8)
  A kobold demonologist (D:8)
  A polar bear (D:8)
  A hornet (D:7)
  Prince Ribbit (D:7)
  Grinder (D:3)
  4 spriggans (Bailey)
  4 yaks (D:8)
  Eustachio (D:5)
  A steam dragon (Bailey)
  Menkaure (D:6)
  4 orc warriors (D:8)
  Pargi (Sewer)
  3 sky beasts
  2 ice beasts (D:8)
  A wolf (D:8)
  10 ogres
  3 centaurs
  2 phantoms
  3 kobold brigands
  Blork the orc (D:5)
  3 bullfrogs
  2 scorpions
  A wight (D:8)
  A killer bee (D:8)
  3 howler monkeys
  2 centaur zombies (Ossuary)
  A human zombie (Ossuary)
  2 jellies (D:6)
  2 hounds
  2 orc priests
  4 iguanas
  7 orc wizards
  A centaur simulacrum (D:8)
  3 mummies
  6 gnolls
  A river rat (D:5)
  3 adders
  2 shadow imps
  3 white imps (D:8)
  4 ufetubi
  A worm (D:2)
  3 dart slugs
  21 orcs
  5 endoplasms
  10 giant cockroaches
  11 goblins
  5 hobgoblins
  2 quokkas
  7 ball pythons
  7 bats
  6 frilled lizards
  12 hobgoblin zombies (Ossuary)
  A jackal zombie (Ossuary)
  19 kobolds
  7 kobold zombies (Ossuary)
  10 orc zombies (Ossuary)
  5 rats
  4 rat zombies (Ossuary)
244 creatures vanquished.

Notes
Turn   | Place    | Note
-------+----------+-------------------------------------------
     0 | D:1      | Crownlay the Gargoyle Earth Elementalist began the quest
                  | for the Orb.
     0 | D:1      | Reached XP level 1. HP: 10/10 MP: 3/3
    88 | D:1      | Found a faded altar of an unknown god.
   373 | D:1      | Reached XP level 2. HP: 15/15 MP: 5/5
   975 | D:1      | You fall into a shaft and drop 1 floor!
  1109 | D:2      | Reached XP level 3. HP: 19/19 MP: 7/7
  1231 | D:2      | Reached skill level 3 in Spellcasting
  2159 | D:2      | Identified the +3 scale mail of the Heavens {Dex+3}
  2569 | D:3      | Learned a level 2 spell: Passwall
  2573 | D:3      | Learned a level 3 spell: Stone Arrow
  2699 | D:3      | Reached XP level 4. HP: 21/24 MP: 4/9
  2701 | D:3      | Found a runed translucent door.
  2793 | D:3      | Noticed kae's ghost (amateur DrTm)
  3017 | D:3      | Noticed Grinder
  3034 | D:3      | Killed Grinder
  3035 | D:3      | Reached skill level 5 in Spellcasting
  3035 | D:3      | Reached skill level 5 in Earth Magic
  3035 | D:3      | Reached XP level 5. HP: 14/28 MP: 2/12
  3035 | D:3      | Reached XP level 6. HP: 16/32 MP: 2/13
  3431 | D:3      | Found a runed translucent door.
  3741 | D:4      | Found a sparkling altar of Nemelex Xobeh.
  3777 | D:4      | Found Ynaucisu's General Store.
  3862 | D:4      | Found Cygora's Distillery.
  3887 | D:4      | Found a sand-covered staircase.
  3891 | Ossuary  | Entered an ossuary
  4245 | Ossuary  | Reached XP level 7. HP: 33/36 MP: 10/15
  4453 | Ossuary  | Reached skill level 6 in Spellcasting
  4900 | D:4      | Found Neicraug's Assorted Antiques.
  4924 | D:4      | Bought a scroll labelled NAMOMMO GATOYP for 22 gold pieces
  4924 | D:4      | Bought a scroll labelled SIFETTUINI for 22 gold pieces
  4940 | D:4      | Found Gaczarymn's Jewellery Shop.
  5262 | D:4      | Found Ihiroymi's Magic Scroll Shoppe.
  5328 | D:5      | Entered Level 5 of the Dungeon
  5346 | D:5      | Noticed Blork the orc
  5351 | D:5      | Killed Blork the orc
  5364 | D:5      | Noticed Flogoulo's ghost (novice OpEE)
  5400 | D:5      | Found a blossoming altar of Fedhas.
  5434 | D:5      | Noticed Eustachio
  5457 | D:5      | Found a glowing drain.
  5466 | D:5      | Reached XP level 8. HP: 41/41 MP: 5/18
  5547 | Sewer    | Entered a sewer
  5724 | Sewer    | Noticed Pargi
  5728 | Sewer    | Killed Pargi
  5729 | Sewer    | Reached skill level 7 in Spellcasting
  6318 | D:5      | Killed Eustachio
  6743 | D:5      | Found a runed translucent gate.
  6743 | D:5      | Found a runed translucent gate.
  6743 | D:5      | Found a runed translucent gate.
  6754 | D:5      | Reached skill level 8 in Spellcasting
  7247 | D:6      | Noticed Menkaure
  7249 | D:6      | Killed Menkaure
  7250 | D:6      | Reached XP level 9. HP: 39/45 MP: 14/21
  7715 | D:6      | Found a snail-covered altar of Cheibriados.
  7895 | D:7      | Found a staircase to the Ecumenical Temple.
  7903 | D:7      | Found a glowing silver altar of Zin.
  7915 | D:7      | Reached skill level 9 in Spellcasting
  7950 | D:7      | Noticed Prince Ribbit
  7962 | D:7      | Killed Prince Ribbit
  7987 | D:7      | Found a flagged portal.
  8023 | Bailey   | Entered a bailey
  8036 | Bailey   | Reached skill level 1 in Conjurations
  8139 | Bailey   | Noticed a two-headed ogre
  8146 | Bailey   | Killed a two-headed ogre
  8147 | Bailey   | Reached skill level 10 in Spellcasting
  8410 | Bailey   | Reached XP level 10. HP: 50/50 MP: 6/24
  8412 | Bailey   | Reached skill level 10 in Earth Magic
  9299 | D:7      | Reached skill level 11 in Spellcasting
  9573 | Temple   | Entered the Ecumenical Temple
  9767 | Temple   | Became a worshipper of Vehumet
  9987 | D:8      | Noticed Amaemon
  9988 | D:8      | Noticed an orange demon
 10279 | D:8      | Killed Amaemon
 10280 | D:8      | Reached skill level 5 in Conjurations
 10388 | D:8      | Killed an orange demon
 10853 | D:8      | Reached skill level 1 in Summonings
 10863 | D:8      | Reached XP level 11. HP: 44/54 MP: 1/26
 11274 | D:8      | Noticed a two-headed ogre
 11274 | D:8      | Noticed a boulder beetle
 11457 | D:8      | Noticed a cyclops
 11462 | D:8      | Reached skill level 12 in Spellcasting
 11463 | D:8      | Killed a cyclops
 11920 | D:8      | Reached * piety under Vehumet
 11920 | D:8      | Offered knowledge of Magic Dart by Vehumet.
 11982 | D:8      | Noticed a purple ugly thing
 12000 | D:8      | Killed a purple ugly thing
 12072 | D:8      | Noticed a two-headed ogre
 12082 | D:8      | Killed a two-headed ogre
 12204 | D:8      | Noticed a two-headed ogre
 12209 | D:8      | Killed a two-headed ogre
 12272 | D:8      | Killed a two-headed ogre
 12347 | D:8      | Noticed a seven-headed hydra
 12351 | D:8      | Slain by a seven-headed hydra

Illustrated notes

Levels and vault maps discovered:
D:1:      dpeg_arrival_tiny_c, layout_basic, chequers_ecumenical_altar_twisty,
          hangedman_decor_push
D:2:      layout_basic, serial_aquarium, aquarium_bridge_square
          [aquarium_subvault_wall, aquarium_subvault_bridge,
          aquarium_subvault_balcony, aquarium_subvault_bridge],
          aquarium_window_fake, aquarium_window_corridor_3,
          aquarium_window_corner, aquarium_window_fake, aquarium_view_2g,
          aquarium_balcony_1a
D:3:      layout_basic, ebering_ghost_sewer_f, uniq_grinder
D:4:      layout_rooms, nemelex_spade_bored_becter,
          lightli_ossuary_entry_decrepit_ruins, serial_shops, shop, shop, shop,
          shop, nicolae_shop_window_shopping, st_stairs_11, minmay_cupped
D:5:      layout_gridville, mainiacjoe_overflow_boulevard, portal_sewer_entry_a,
          gammafunk_ghost_icy, uniq_eustachio, uniq_blork_the_orc
D:6:      layout_rooms, chei_slow_surprise, uniq_menkaure
D:7:      layout_cave_pools, zin_treasury, minmay_temple_entry_mist,
          serial_glass, glass_columns_a, glass_columns_a, enter_bailey_3,
          uniq_prince_ribbit1
D:8:      cheibrodos_ideogram_h, layout_basic, serial_ice, serial_ice_b,
          serial_ice_i, serial_ice_o, serial_ice_n, serial_ice_g, serial_ice_m,
          serial_ice_d, kb_rosetta, uniq_psyche, uniq_amaemon
Temple:   eino_temple_scatter_basement

Skill      XL: |  1  2  3  4  5  6  7  8  9 10 11 |
---------------+----------------------------------+-----
Earth Magic    | 4 5 6 8 9 11 | 11.0
Spellcasting   | 3 5 6 8 10 11 12 | 12.8
Conjurations   | 3 5 7 |  7.3
Summonings     | 1 3 |  3.8
Dodging        | |  1.5
Stealth        | |  2.1
Transmutations | |  0.7

Action                   |  1- 3 |  4- 6 |  7- 9 | 10-12 || total
-------------------------+-------+-------+-------+-------++-------
Melee: Short sword       |   125 |    42 |    25 |       ||   192
       Punch             |     4 |       |       |       ||     4
       Morningstar       |       |       |    67 |    12 ||    79
 Cast: Sandblast         |     4 |    58 |    69 |    31 ||   162
       Stone Arrow       |       |       |    76 |   126 ||   202
  Use: Scroll            |       |     3 |    10 |     3 ||    16
 Stab: Sleeping          |     5 |     3 |     1 |       ||     9
       Distracted        |       |       |     1 |       ||     1
Armor: Robe              |    56 |    16 |    87 |    30 ||   189
Dodge: Dodged            |    85 |    40 |   117 |    46 ||   288

Table legend: (Time is in decaauts)
 A = Elapsed time spent in this place.
 B = Non-inter-level travel time spent in this place.
 C = Inter-level travel time spent in this place.
 D = Time resting spent in this place.
 E = Time spent auto-exploring this place.
 F = Levels seen in this place.
 G = Mean time per level.
                   A        B        C        D        E       F      G
               +--------+--------+--------+--------+--------+-----+--------+
         Total |  12452 |  12083 |    369 |   1014 |   8360 |  12 | 1037.7 |
       Dungeon |  10048 |   9715 |    333 |    514 |   7250 |   8 | 1256.0 |
        Temple |    207 |    171 |     36 |      0 |    155 |   1 |  207.0 |
         Sewer |    335 |    335 |      0 |      0 |    284 |   1 |  335.0 |
       Ossuary |    878 |    878 |      0 |    131 |    281 |   1 |  878.0 |
        Bailey |    982 |    982 |      0 |    369 |    390 |   1 |  982.0 |
               +--------+--------+--------+--------+--------+-----+--------+

Top non-repeatable levels by time:
     D:8: 1976 daAuts
     D:3: 1519 daAuts
     D:7: 1357 daAuts
     D:2: 1213 daAuts
     D:5: 1205 daAuts
     D:6: 991 daAuts
  Bailey: 982 daAuts
     D:1: 981 daAuts
 Ossuary: 878 daAuts
     D:4: 803 daAuts
   Sewer: 335 daAuts
  Temple: 207 daAuts
